Blackhawks vs Canadiens
(R3)
Created - 9 novembre 2016 at 23:37
Goals
|
| Blackhawks |
0 |
0 |
1 |
1 |
| Canadiens |
4 |
2 |
0 |
6 |
|
Shots
|
| Blackhawks |
9 |
7 |
3 |
19 |
| Canadiens |
14 |
14 |
10 |
38 |
|
1st period
1. Canadiens , Devin Setoguchi 3 (Drew Miller, Brooks Laich) at 1:28
2. Canadiens , Devin Setoguchi 4 (Drew Miller, Brooks Laich) at 6:41
3. Canadiens , Marek Svatos 3 (Patrick Sharp, Marc Savard) at 14:40 (PP)
4. Canadiens , Devin Setoguchi 5 (Drew Miller, Brooks Laich) at 15:17
Penalties :
Matt Carle (Mon) for Boarding (Minor) at 2:59, Matt Carle (Mon) for Holding (Minor) at 8:26, Tomas Fleischmann (Chi) for Roughing (Minor) at 14:24, Joni Pitkanen (Chi) for Holding (Minor) at 18:04
2nd period
5. Canadiens , Patrick Sharp 5 (Dan Boyle, Marek Svatos) at 6:47
6. Canadiens , Dustin Boyd 3 (Torey Krug, Greg Stewart) at 16:46
Penalties :
Joni Pitkanen (Chi) for Hooking (Minor) at 1:17, Ian White (Chi) for Hooking (Minor) at 8:37, Ryan Hollweg (Chi) for Roughing (Minor) at 13:49, Dennis Wideman (Mon) for High sticking (Minor) at 16:51
3rd period
7. Blackhawks , Ryan Hollweg 1 (Dave Tanabe, Jonathan Toews) at 15:33
Penalties :
Kurt Sauer (Chi) for Hooking (Minor) at 6:50, Dan Boyle (Mon) for Fighting (Major) at 13:11, Joni Pitkanen (Chi) for Fighting (Major) at 13:11, Dennis Wideman (Mon) for Fighting (Major) at 13:50, Niclas Bergfors (Chi) for Fighting (Major) at 13:50, Antoine Roussel (Chi) for Roughing (Minor) at 15:48, Dan Boyle (Mon) for Roughing (Double Minor) at 18:42
Goalie Stats
Al Montoya (Chi), 25 saves from 27 shots - (0,926), 44:43 minutes
Jimmy Howard (Chi), 7 saves from 11 shots - (0,636), L, 1-3-1, 15:17 minutes
Jonathan Bernier (Mon), 18 saves from 19 shots - (0,947), W, 3-2-1, 60:00 minutes
Players Stats for Blackhawks
Player Name G A P +/- PIM S H SB GA TA FO MP PP MP PK MP
------------------------------------------------------------------------------------
Antoine Roussel 0 0 0 0 2 2 1 0 1 1 2/3 17:11 4:44 0:00
Brian Sutherby 0 0 0 -1 0 0 1 0 0 0 1/3 7:06 0:00 0:00
Carson Mcmillan 0 0 0 -1 0 0 1 0 0 0 0/0 7:06 0:00 0:00
Dave Tanabe 0 1 1 -1 0 1 1 1 0 0 0/0 11:52 0:00 0:53
David Hale 0 0 0 -2 0 0 0 1 1 2 0/0 14:25 0:00 4:30
Denis Grebeshkov 0 0 0 -1 0 0 2 1 0 1 0/0 21:17 2:11 5:29
Derick Brassard 0 0 0 0 0 1 3 0 1 0 16/31 25:09 4:44 6:38
Ian White 0 0 0 -1 2 1 2 2 0 0 0/0 28:37 5:03 5:17
Jonathan Toews 0 1 1 -3 0 2 3 1 0 0 9/19 17:44 2:18 4:01
Joni Pitkanen 0 0 0 -2 9 0 2 0 0 1 0/0 24:51 5:03 3:29
Kurt Sauer 0 0 0 -1 2 0 1 2 0 0 0/0 20:16 2:11 4:42
Niclas Bergfors 0 0 0 -4 5 2 1 1 0 0 1/1 15:51 2:18 3:07
Oleg Saprykin 0 0 0 -1 0 1 1 0 0 0 0/0 8:59 0:00 1:49
Patrick Kaleta 0 0 0 0 0 0 2 0 0 0 1/1 10:33 0:00 2:05
Patrick Kane 0 0 0 0 0 5 1 0 3 0 3/11 25:10 4:56 6:40
Peter Regin 0 0 0 0 0 1 1 0 0 0 1/5 8:42 0:12 0:00
Ryan Hollweg 1 0 1 -3 2 3 1 0 0 0 0/0 13:29 2:18 0:00
Tomas Fleischmann 0 0 0 1 2 0 1 0 0 0 0/0 9:23 0:12 0:00
Players Stats for Canadiens
Player Name G A P +/- PIM S H SB GA TA FO MP PP MP PK MP
------------------------------------------------------------------------------------
Andrei Loktionov 0 0 0 0 0 0 0 0 0 0 1/1 6:23 0:00 0:00
Brooks Laich 0 3 3 3 0 0 2 0 0 0 12/20 15:57 5:32 0:23
Dan Boyle 0 1 1 1 9 1 2 1 0 0 0/0 25:58 5:43 3:55
Dennis Wideman 0 0 0 1 7 0 2 0 0 2 0/0 25:58 5:43 3:37
Devin Setoguchi 3 0 3 3 0 8 1 0 0 0 0/0 15:34 5:32 0:00
Drew Miller 0 3 3 3 0 2 1 0 1 0 0/0 18:48 5:32 3:27
Dustin Boyd 1 0 1 1 0 2 0 0 0 1 1/3 11:41 0:00 1:09
Evgeny Dadonov 0 0 0 0 0 0 0 0 1 0 0/0 6:23 0:00 0:00
Greg Stewart 0 1 1 1 0 0 2 2 0 0 0/0 11:17 0:07 0:23
Jonas Hoglund 0 0 0 0 0 0 1 0 0 0 1/1 6:45 0:07 0:00
Ladislav Smid 0 0 0 2 0 2 1 1 0 2 0/0 21:44 5:44 2:58
Marc Savard 0 1 1 0 0 4 0 1 1 0 22/40 23:32 6:31 3:24
Marek Svatos 1 1 2 0 0 8 2 0 0 0 0/1 22:32 6:31 2:26
Matt Carle 0 0 0 1 4 0 0 1 0 0 0/0 12:49 1:16 0:26
Patrick Sharp 1 1 2 0 0 5 0 1 1 1 3/7 23:32 6:31 3:24
Rene Bourque 0 0 0 1 0 3 0 0 0 0 0/1 10:54 0:07 0:00
Torey Krug 0 1 1 1 0 1 0 0 0 0 0/0 13:04 0:43 1:40
Wade Redden 0 0 0 2 0 2 1 0 1 0 0/0 19:59 5:11 1:54
3 Stars
1 - Devin Setoguchi (Mon)
2 - Brooks Laich (Mon)
3 - Drew Miller (Mon)
Power Play
Blackhawks - 0 on 5 Attempt(s) - 0,00%
Canadiens - 1 on 7 Attempt(s) - 14,29%
Penalty Kill
Blackhawks - 6 on 7 Attempt(s) - 85,71%
- Score 0 goal in Penalty Kill
Canadiens - 5 on 5 Attempt(s) - 100,00%
- Score 0 goal in Penalty Kill
Team Stat
Blackhawks - Hits : 25 - Faceoff Wins : 34 - Blocked Shots : 9 - Penalty Minutes : 24
Canadiens - Hits : 15 - Faceoff Wins : 40 - Blocked Shots : 7 - Penalty Minutes : 20
Official
Referees : Leggo Mike and StLaurent Francois
Linesman : Brad Lazarowich and Mike Cvik
Game Notes
14:40 of 1st period - Canadiens goal is going for a video replay. After video review, Goal.
Devin Setoguchi has scored a Hat Trick!
Al Montoya enters game at 15:17 of 1st period
Joni Pitkanen beats up Dan Boyle at 13:11 of 3rd period
Niclas Bergfors beats up Dennis Wideman at 13:50 of 3rd period
Finance
Level 1 -- Attendance: 5399 (89,98%) -- Ticket Income 464 314 $
Level 2 -- Attendance: 4396 (87,92%) -- Ticket Income 219 800 $
Level 3 -- Attendance: 2000 (100,00%) -- Ticket Income 62 000 $
Level 4 -- Attendance: 3645 (91,13%) -- Ticket Income 80 190 $
Luxury Box -- Attendance: 1000 (100,00%) -- Ticket Income 165 000 $
Game was played at the Centre Bell.
Total Attendance: 16440 (91,33%)
Total Ticket Income: 991 304 $
Other Income: 148 696 $
Total Income: 1 140 000 $
Blackhawks
5 vs 5 Forward
Center Left Wing Right Wing Time % Phy DF OF
1 Derick Brassard Antoine Roussel Patrick Kane 40 1 2 2
2 Jonathan Toews Ryan Hollweg Niclas Bergfors 30 1 2 2
3 Peter Regin Tomas Fleischmann Patrick Kaleta 20 1 2 2
4 Brian Sutherby Oleg Saprykin Carson Mcmillan 10 1 2 2
5 vs 5 Defense
Defense Defense Time % Phy DF OF
1 Ian White Joni Pitkanen 40 1 2 2
2 Kurt Sauer Denis Grebeshkov 30 1 2 2
3 Dave Tanabe David Hale 20 1 2 2
4 Ian White Joni Pitkanen 10 1 2 2
PowerPlay Forward
Center Left Wing Right Wing Time % Phy DF OF
1 Derick Brassard Antoine Roussel Patrick Kane 60 1 2 2
2 Jonathan Toews Ryan Hollweg Niclas Bergfors 40 1 2 2
PowerPlay Defense
Defense Defense Time % Phy DF OF
1 Ian White Joni Pitkanen 60 1 2 2
2 Kurt Sauer Denis Grebeshkov 40 1 2 2
Penalty Kill 4 Players Forward
Center Wing Time % Phy DF OF
1 Patrick Kane Derick Brassard 60 1 2 2
2 Jonathan Toews Niclas Bergfors 40 1 2 2
Penalty Kill 4 Players Defense
Defense Defense Time % Phy DF OF
1 Ian White Joni Pitkanen 60 1 2 2
2 Kurt Sauer Denis Grebeshkov 40 1 2 2
Penalty Kill - 3 Players Forward
Forward Time % Phy DF OF
1 Patrick Kane 60 1 2 2
2 Derick Brassard 40 1 2 2
Penalty Kill - 3 Players Defense
Defense Defense Time % Phy DF OF
1 Ian White Joni Pitkanen 60 1 2 2
2 Kurt Sauer Denis Grebeshkov 40 1 2 2
4 vs 4 Forward
Center Wing Time % Phy DF OF
1 Patrick Kane Derick Brassard 60 1 2 2
2 Jonathan Toews Niclas Bergfors 40 1 2 2
4 vs 4 Defense
Defense Defense Time % Phy DF OF
1 Ian White Joni Pitkanen 60 1 2 2
2 Kurt Sauer Denis Grebeshkov 40 1 2 2
Last Minutes Offensive
Center Left Wing Right Wing Defense Defense
Derick Brassard Antoine Roussel Patrick Kane Ian White Joni Pitkanen
Last Minutes Defensive
Center Left Wing Right Wing Defense Defense
Derick Brassard Antoine Roussel Patrick Kane Ian White Joni Pitkanen
Goaltenders
Starting : Jimmy Howard
Backup : Al Montoya
Extra Forwards
Normal : Tomas Fleischmann, Peter Regin, Patrick Kaleta - PP : Tomas Fleischmann, Peter Regin - PK : Patrick Kaleta
Extra Defensemen
Normal : Dave Tanabe, David Hale, Kurt Sauer - PP : Dave Tanabe - PK : David Hale, Kurt Sauer
Penalty Shots
Patrick Kane, Derick Brassard, Jonathan Toews, Niclas Bergfors, Antoine Roussel
Canadiens
5 vs 5 Forward
Center Left Wing Right Wing Time % Phy DF OF
1 Marc Savard Patrick Sharp Marek Svatos 40 1 2 2
2 Brooks Laich Drew Miller Devin Setoguchi 30 1 2 2
3 Dustin Boyd Greg Stewart Rene Bourque 20 1 2 2
4 Andrei Loktionov Evgeny Dadonov Jonas Hoglund 10 1 2 2
5 vs 5 Defense
Defense Defense Time % Phy DF OF
1 Dennis Wideman Dan Boyle 40 1 2 2
2 Ladislav Smid Wade Redden 30 1 2 2
3 Matt Carle Torey Krug 20 1 2 2
4 Dennis Wideman Dan Boyle 10 1 2 2
PowerPlay Forward
Center Left Wing Right Wing Time % Phy DF OF
1 Marc Savard Patrick Sharp Marek Svatos 60 1 2 2
2 Brooks Laich Drew Miller Devin Setoguchi 40 1 2 2
PowerPlay Defense
Defense Defense Time % Phy DF OF
1 Dennis Wideman Dan Boyle 60 1 2 2
2 Ladislav Smid Wade Redden 40 1 2 2
Penalty Kill 4 Players Forward
Center Wing Time % Phy DF OF
1 Patrick Sharp Marc Savard 60 1 2 2
2 Marek Svatos Drew Miller 40 1 2 2
Penalty Kill 4 Players Defense
Defense Defense Time % Phy DF OF
1 Dennis Wideman Dan Boyle 60 1 2 2
2 Ladislav Smid Wade Redden 40 1 2 2
Penalty Kill - 3 Players Forward
Forward Time % Phy DF OF
1 Patrick Sharp 60 1 2 2
2 Marc Savard 40 1 2 2
Penalty Kill - 3 Players Defense
Defense Defense Time % Phy DF OF
1 Dennis Wideman Dan Boyle 60 1 2 2
2 Ladislav Smid Wade Redden 40 1 2 2
4 vs 4 Forward
Center Wing Time % Phy DF OF
1 Patrick Sharp Marc Savard 60 1 2 2
2 Marek Svatos Drew Miller 40 1 2 2
4 vs 4 Defense
Defense Defense Time % Phy DF OF
1 Dennis Wideman Dan Boyle 60 1 2 2
2 Ladislav Smid Wade Redden 40 1 2 2
Last Minutes Offensive
Center Left Wing Right Wing Defense Defense
Marc Savard Patrick Sharp Marek Svatos Dennis Wideman Dan Boyle
Last Minutes Defensive
Center Left Wing Right Wing Defense Defense
Marc Savard Patrick Sharp Marek Svatos Dennis Wideman Dan Boyle
Goaltenders
Starting : Jonathan Bernier
Backup : Tobias Stephan
Extra Forwards
Normal : Greg Stewart, Rene Bourque, Dustin Boyd - PP : Greg Stewart, Rene Bourque - PK : Dustin Boyd
Extra Defensemen
Normal : Matt Carle, Torey Krug, Ladislav Smid - PP : Matt Carle - PK : Torey Krug, Ladislav Smid
Penalty Shots
Patrick Sharp, Marc Savard, Marek Svatos, Drew Miller, Greg Stewart
% Time on Ice - Blackhawks
Lines # - Real PCT - Wanted PCT - Time Play
Normal Forward
1 - 34% - 40% - 13:54
2 - 28% - 30% - 11:12
3 - 21% - 20% - 8:24
4 - 17% - 10% - 7:06
Normal Defense
1 - 44% - 40% - 17:58
2 - 33% - 30% - 13:24
3 - 21% - 20% - 8:29
4 - 2% - 10% - 0:45
PP Forward
1 - 68% - 60% - 4:56
2 - 32% - 40% - 2:18
PP Defense
1 - 70% - 60% - 5:03
2 - 30% - 40% - 2:11
PK Forward
1 - 68% - 60% - 8:19
2 - 32% - 40% - 3:51
PK Defense
1 - 55% - 60% - 6:41
2 - 45% - 40% - 5:29
PK3 Forward
1 - 0% - 60%
2 - 0% - 40%
PK3 Defense
1 - 0% - 60%
2 - 0% - 40%
44 Forward
1 - 0% - 60%
2 - 0% - 40%
44 Defense
1 - 0% - 60%
2 - 0% - 40%
Last Minute Offensive - 0:00
Last Minute Defensive - 0:00
Total
Forward - 60:00
Defense - 60:00
|
% Time on Ice - Canadiens
Lines # - Real PCT - Wanted PCT - Time Play
Normal Forward
1 - 34% - 40% - 13:52
2 - 24% - 30% - 9:49
3 - 26% - 20% - 10:32
4 - 16% - 10% - 6:23
Normal Defense
1 - 45% - 40% - 18:27
2 - 29% - 30% - 11:50
3 - 22% - 20% - 9:05
4 - 3% - 10% - 1:14
PP Forward
1 - 55% - 60% - 6:38
2 - 45% - 40% - 5:32
PP Defense
1 - 63% - 60% - 7:42
2 - 37% - 40% - 4:28
PK Forward
1 - 66% - 60% - 4:48
2 - 34% - 40% - 2:26
PK Defense
1 - 74% - 60% - 5:20
2 - 26% - 40% - 1:54
PK3 Forward
1 - 0% - 60%
2 - 0% - 40%
PK3 Defense
1 - 0% - 60%
2 - 0% - 40%
44 Forward
1 - 0% - 60%
2 - 0% - 40%
44 Defense
1 - 0% - 60%
2 - 0% - 40%
Last Minute Offensive - 0:00
Last Minute Defensive - 0:00
Total
Forward - 60:00
Defense - 60:00
|
Play by Play
1st period
0:01 of 1st period - Marc Savard wins face-off versus Derick Brassard in neutral zone.
0:08 of 1st period - Wrist shot by Patrick Sharp.
0:08 of 1st period - Stopped by Jimmy Howard without a rebound.
0:09 of 1st period - Antoine Roussel wins face-off versus Marc Savard in Blackhawks zone.
0:22 of 1st period - Wrist shot by Patrick Kane.
0:22 of 1st period - Shot Blocked by Dan Boyle.
0:42 of 1st period - Snap shot by Antoine Roussel.
0:42 of 1st period - Stopped by Jonathan Bernier with a rebound.
1:16 of 1st period - Wrist shot by Derick Brassard.
1:16 of 1st period - Shot Hit the Post.
1:22 of 1st period - Snap shot by Marc Savard.
1:22 of 1st period - Stopped by Jimmy Howard without a rebound.
1:23 of 1st period - Brooks Laich wins face-off versus Jonathan Toews in Blackhawks zone.
1:28 of 1st period - Snap shot by Devin Setoguchi.
1:28 of 1st period - Goal by Devin Setoguchi - Blackhawks : 0 - Canadiens : 1.
1:29 of 1st period - Jonathan Toews wins face-off versus Brooks Laich in neutral zone.
2:31 of 1st period - Off-side.
2:32 of 1st period - Jonathan Toews wins face-off versus Brooks Laich in neutral zone.
2:37 of 1st period - Wrist shot by Jonathan Toews.
2:37 of 1st period - Stopped by Jonathan Bernier without a rebound.
2:38 of 1st period - Brooks Laich wins face-off versus Peter Regin in Canadiens zone.
2:59 of 1st period - Minor Penalty to Matt Carle for Boarding.
3:00 of 1st period - Derick Brassard wins face-off versus Patrick Sharp in Canadiens zone.
3:03 of 1st period - Snap shot by Patrick Kane.
3:03 of 1st period - Stopped by Jonathan Bernier with a rebound.
3:05 of 1st period - Slapshot by Ian White.
3:05 of 1st period - Deflect By Derick Brassard.
3:05 of 1st period - Shot Hit the Post.
3:05 of 1st period - Puck is out of play.
3:06 of 1st period - Patrick Sharp wins face-off versus Derick Brassard in Canadiens zone.
3:37 of 1st period - Drew Miller is hit by Ian White and loses puck.
4:59 of 1st period - Penalty to Matt Carle is over, Matt Carle is back on ice.
5:25 of 1st period - Kurt Sauer is hit by Greg Stewart and loses puck.
6:33 of 1st period - Snap shot by Dan Boyle.
6:33 of 1st period - Shot Misses the Net.
6:35 of 1st period - Wrist shot by Dan Boyle.
6:35 of 1st period - Stopped by Jimmy Howard without a rebound.
6:36 of 1st period - Brooks Laich wins face-off versus Jonathan Toews in Blackhawks zone.
6:37 of 1st period - Snap shot by Drew Miller.
6:37 of 1st period - Shot Blocked by Niclas Bergfors.
6:39 of 1st period - Wrist shot by Drew Miller.
6:39 of 1st period - Shot Blocked by Ian White.
6:41 of 1st period - Snap shot by Devin Setoguchi.
6:41 of 1st period - Goal by Devin Setoguchi - Blackhawks : 0 - Canadiens : 2.
6:42 of 1st period - Marc Savard wins face-off versus Jonathan Toews in neutral zone.
6:47 of 1st period - Wrist shot by Patrick Sharp.
6:47 of 1st period - Stopped by Jimmy Howard without a rebound.
6:48 of 1st period - Jonathan Toews wins face-off versus Patrick Sharp in Blackhawks zone.
7:17 of 1st period - Ladislav Smid is hit by Antoine Roussel.
7:21 of 1st period - Drew Miller is hit by Derick Brassard and loses puck.
8:26 of 1st period - Minor Penalty to Matt Carle for Holding.
8:27 of 1st period - Derick Brassard wins face-off versus Patrick Sharp in Canadiens zone.
8:33 of 1st period - Snap shot by Derick Brassard.
8:33 of 1st period - Deflect By Patrick Kane.
8:33 of 1st period - Shot Blocked by Marc Savard.
8:33 of 1st period - Puck is out of play.
8:34 of 1st period - Patrick Sharp wins face-off versus Derick Brassard in Canadiens zone.
9:51 of 1st period - Snap shot by Patrick Kane.
9:51 of 1st period - Shot Misses the Net.
9:53 of 1st period - Slapshot by Ian White.
9:53 of 1st period - Shot Misses the Net.
10:26 of 1st period - Penalty to Matt Carle is over, Matt Carle is back on ice.
10:54 of 1st period - Tomas Fleischmann is hit by Jonas Hoglund.
11:14 of 1st period - Off-side.
11:15 of 1st period - Brian Sutherby wins face-off versus Rene Bourque in neutral zone.
11:54 of 1st period - Snap shot by Oleg Saprykin.
11:54 of 1st period - Shot Misses the Net.
12:49 of 1st period - Icing by Ladislav Smid.
12:50 of 1st period - Jonathan Toews wins face-off versus Dustin Boyd in Canadiens zone.
13:07 of 1st period - Wrist shot by Greg Stewart.
13:07 of 1st period - Shot Misses the Net.
13:09 of 1st period - Slapshot by Ladislav Smid.
13:09 of 1st period - Shot Blocked by Jonathan Toews.
13:11 of 1st period - Slapshot by Ladislav Smid.
13:11 of 1st period - Deflect By Rene Bourque.
13:11 of 1st period - Stopped by Jimmy Howard without a rebound.
13:12 of 1st period - Marc Savard wins face-off versus Peter Regin in Blackhawks zone.
13:15 of 1st period - Wrist shot by Marc Savard.
13:15 of 1st period - Stopped by Jimmy Howard with a rebound.
13:17 of 1st period - Wrist shot by Marc Savard.
13:17 of 1st period - Deflect By Marek Svatos.
13:17 of 1st period - Stopped by Jimmy Howard without a rebound.
13:18 of 1st period - Peter Regin wins face-off versus Marc Savard in Blackhawks zone.
13:18 of 1st period - Peter Regin is hit by Dan Boyle.
13:23 of 1st period - Off-side.
13:24 of 1st period - Derick Brassard wins face-off versus Marc Savard in neutral zone.
13:29 of 1st period - Slapshot by Derick Brassard.
13:29 of 1st period - Stopped by Jonathan Bernier with a rebound.
13:31 of 1st period - Snap shot by Patrick Kane.
13:31 of 1st period - Stopped by Jonathan Bernier with a rebound.
13:33 of 1st period - Snap shot by Derick Brassard.
13:33 of 1st period - Shot Misses the Net.
13:51 of 1st period - Dennis Wideman is hit by Patrick Kaleta and loses puck.
13:56 of 1st period - Snap shot by Peter Regin.
13:56 of 1st period - Stopped by Jonathan Bernier without a rebound.
13:57 of 1st period - Brooks Laich wins face-off versus Peter Regin in Canadiens zone.
14:14 of 1st period - Snap shot by Devin Setoguchi.
14:14 of 1st period - Shot Misses the Net.
14:24 of 1st period - Minor Penalty to Tomas Fleischmann for Roughing.
14:25 of 1st period - Marc Savard wins face-off versus Patrick Kane in Blackhawks zone.
14:38 of 1st period - Slapshot by Patrick Sharp.
14:38 of 1st period - Shot Misses the Net.
14:40 of 1st period - Slapshot by Marek Svatos.
14:40 of 1st period - Canadiens goal is going for a video replay.
14:40 of 1st period - The goal is good.
14:40 of 1st period - Goal by Marek Svatos - Blackhawks : 0 - Canadiens : 3.
14:41 of 1st period - Marc Savard wins face-off versus Derick Brassard in neutral zone.
14:52 of 1st period - Snap shot by Patrick Kane.
14:52 of 1st period - Stopped by Jonathan Bernier with a rebound.
15:08 of 1st period - Dan Boyle is hit by Jonathan Toews and loses puck.
15:17 of 1st period - Snap shot by Devin Setoguchi.
15:17 of 1st period - Goal by Devin Setoguchi - Blackhawks : 0 - Canadiens : 4.
15:17 of 1st period - Al Montoya enters game.
15:18 of 1st period - Derick Brassard wins face-off versus Marc Savard in neutral zone.
16:25 of 1st period - Snap shot by Patrick Sharp.
16:25 of 1st period - Shot Blocked by Kurt Sauer.
16:27 of 1st period - Slapshot by Wade Redden.
16:27 of 1st period - Stopped by Al Montoya with a rebound.
16:29 of 1st period - Snap shot by Wade Redden.
16:29 of 1st period - Shot Blocked by Kurt Sauer.
16:47 of 1st period - Wrist shot by Antoine Roussel.
16:47 of 1st period - Shot Blocked by Greg Stewart.
16:49 of 1st period - Snap shot by Antoine Roussel.
16:49 of 1st period - Stopped by Jonathan Bernier without a rebound.
16:50 of 1st period - Brooks Laich wins face-off versus Patrick Kane in Canadiens zone.
17:17 of 1st period - Dennis Wideman is hit by Jonathan Toews and loses puck.
17:49 of 1st period - Slapshot by Dave Tanabe.
17:49 of 1st period - Stopped by Jonathan Bernier without a rebound.
17:50 of 1st period - Antoine Roussel wins face-off versus Brooks Laich in Canadiens zone.
17:59 of 1st period - Wrist shot by Devin Setoguchi.
17:59 of 1st period - Stopped by Al Montoya without a rebound.
18:00 of 1st period - Brooks Laich wins face-off versus Patrick Kane in Blackhawks zone.
18:04 of 1st period - Minor Penalty to Joni Pitkanen for Holding.
18:05 of 1st period - Marc Savard wins face-off versus Patrick Kane in Blackhawks zone.
18:36 of 1st period - Snap shot by Dan Boyle.
18:36 of 1st period - Shot Misses the Net.
18:38 of 1st period - Slapshot by Dan Boyle.
18:38 of 1st period - Shot Misses the Net.
18:40 of 1st period - Wrist shot by Drew Miller.
18:40 of 1st period - Stopped by Al Montoya with a rebound.
18:42 of 1st period - Wrist shot by Drew Miller.
18:42 of 1st period - Shot Blocked by David Hale.
19:21 of 1st period - Icing by Marek Svatos.
19:22 of 1st period - Patrick Kaleta wins face-off versus Marc Savard in Canadiens zone.
19:23 of 1st period - Slapshot by Denis Grebeshkov.
19:23 of 1st period - Shot Blocked by Patrick Sharp.
Goals for this period are 0 for Blackhawks vs 4 for Canadiens.
Shots for this period are 9 for Blackhawks vs 14 for Canadiens.
2nd period
0:01 of 2nd period - Derick Brassard wins face-off versus Marc Savard in neutral zone.
0:04 of 2nd period - Penalty to Joni Pitkanen is over, Joni Pitkanen is back on ice.
0:04 of 2nd period - Marek Svatos is hit by Derick Brassard and loses puck.
0:21 of 2nd period - Dennis Wideman is hit by Ian White and loses puck.
0:45 of 2nd period - Icing by David Hale.
0:46 of 2nd period - Patrick Kane wins face-off versus Brooks Laich in Blackhawks zone.
0:46 of 2nd period - Patrick Kane is hit by Drew Miller.
0:54 of 2nd period - Wrist shot by Patrick Kane.
0:54 of 2nd period - Shot Misses the Net.
1:17 of 2nd period - Minor Penalty to Joni Pitkanen for Hooking.
1:18 of 2nd period - Marc Savard wins face-off versus Jonathan Toews in Blackhawks zone.
1:18 of 2nd period - Wrist shot by Marek Svatos.
1:18 of 2nd period - Stopped by Al Montoya without a rebound.
1:19 of 2nd period - Jonathan Toews wins face-off versus Marc Savard in Blackhawks zone.
1:57 of 2nd period - Snap shot by Jonathan Toews.
1:57 of 2nd period - Stopped by Jonathan Bernier without a rebound.
1:58 of 2nd period - Jonathan Toews wins face-off versus Brooks Laich in Canadiens zone.
2:01 of 2nd period - Snap shot by Niclas Bergfors.
2:01 of 2nd period - Stopped by Jonathan Bernier with a rebound.
2:13 of 2nd period - Backhand shot by Drew Miller.
2:13 of 2nd period - Deflect By Devin Setoguchi.
2:13 of 2nd period - Stopped by Al Montoya with a rebound.
2:15 of 2nd period - Slapshot by Ladislav Smid.
2:15 of 2nd period - Stopped by Al Montoya with a rebound.
3:17 of 2nd period - Penalty to Joni Pitkanen is over, Joni Pitkanen is back on ice.
3:28 of 2nd period - Wrist shot by Ryan Hollweg.
3:28 of 2nd period - Stopped by Jonathan Bernier without a rebound.
3:29 of 2nd period - Jonas Hoglund wins face-off versus Jonathan Toews in Canadiens zone.
3:36 of 2nd period - Slapshot by Torey Krug.
3:36 of 2nd period - Shot Misses the Net.
3:56 of 2nd period - Patrick Sharp is hit by Denis Grebeshkov and loses puck.
4:14 of 2nd period - Off-side.
4:15 of 2nd period - Brooks Laich wins face-off versus Brian Sutherby in neutral zone.
4:28 of 2nd period - Slapshot by Ian White.
4:28 of 2nd period - Stopped by Jonathan Bernier without a rebound.
4:29 of 2nd period - Derick Brassard wins face-off versus Marc Savard in Canadiens zone.
4:56 of 2nd period - Drew Miller is hit by Joni Pitkanen and loses puck.
5:21 of 2nd period - Greg Stewart is hit by Peter Regin and loses puck.
5:28 of 2nd period - Wrist shot by Tomas Fleischmann.
5:28 of 2nd period - Deflect By Patrick Kaleta.
5:28 of 2nd period - Shot Misses the Net.
5:28 of 2nd period - Puck is out of play.
5:29 of 2nd period - Marc Savard wins face-off versus Antoine Roussel in Canadiens zone.
5:46 of 2nd period - Backhand shot by Marek Svatos.
5:46 of 2nd period - Stopped by Al Montoya with a rebound.
6:47 of 2nd period - Wrist shot by Patrick Sharp.
6:47 of 2nd period - Goal by Patrick Sharp - Blackhawks : 0 - Canadiens : 5.
6:48 of 2nd period - Marc Savard wins face-off versus Derick Brassard in neutral zone.
6:51 of 2nd period - Wrist shot by Patrick Sharp.
6:51 of 2nd period - Deflect By Marek Svatos.
6:51 of 2nd period - Shot Misses the Net.
6:51 of 2nd period - Puck is out of play.
6:52 of 2nd period - Marc Savard wins face-off versus Derick Brassard in Blackhawks zone.
7:21 of 2nd period - Snap shot by Brooks Laich.
7:21 of 2nd period - Shot Blocked by Ian White.
7:23 of 2nd period - Slapshot by Wade Redden.
7:23 of 2nd period - Deflect By Niclas Bergfors.
7:23 of 2nd period - Stopped by Al Montoya with a rebound.
7:25 of 2nd period - Snap shot by Wade Redden.
7:25 of 2nd period - Deflect By Devin Setoguchi.
7:25 of 2nd period - Shot Misses the Net.
7:25 of 2nd period - Puck is out of play.
7:26 of 2nd period - Jonathan Toews wins face-off versus Brooks Laich in Blackhawks zone.
7:33 of 2nd period - Slapshot by Niclas Bergfors.
7:33 of 2nd period - Stopped by Jonathan Bernier without a rebound.
7:34 of 2nd period - Brooks Laich wins face-off versus Jonathan Toews in Canadiens zone.
7:51 of 2nd period - Wrist shot by Devin Setoguchi.
7:51 of 2nd period - Stopped by Al Montoya with a rebound.
8:13 of 2nd period - Snap shot by Ryan Hollweg.
8:13 of 2nd period - Stopped by Jonathan Bernier without a rebound.
8:14 of 2nd period - Derick Brassard wins face-off versus Marc Savard in Canadiens zone.
8:37 of 2nd period - Minor Penalty to Ian White for Hooking.
8:38 of 2nd period - Patrick Kane wins face-off versus Marek Svatos in Blackhawks zone.
8:38 of 2nd period - Patrick Kane is hit by Dan Boyle.
8:54 of 2nd period - Snap shot by Marek Svatos.
8:54 of 2nd period - Stopped by Al Montoya without a rebound.
8:55 of 2nd period - Patrick Kane wins face-off versus Marc Savard in Blackhawks zone.
9:31 of 2nd period - Slapshot by Devin Setoguchi.
9:31 of 2nd period - Stopped by Al Montoya with a rebound.
10:18 of 2nd period - Oleg Saprykin is hit by Dennis Wideman and loses puck.
10:37 of 2nd period - Penalty to Ian White is over, Ian White is back on ice.
10:52 of 2nd period - Icing by Greg Stewart.
10:53 of 2nd period - Niclas Bergfors wins face-off versus Dustin Boyd in Canadiens zone.
12:29 of 2nd period - Dennis Wideman is hit by Dave Tanabe and loses puck.
12:52 of 2nd period - Slapshot by Marek Svatos.
12:52 of 2nd period - Shot Misses the Net.
13:00 of 2nd period - Wrist shot by Marek Svatos.
13:00 of 2nd period - Stopped by Al Montoya with a rebound.
13:17 of 2nd period - Slapshot by Wade Redden.
13:17 of 2nd period - Shot Misses the Net.
13:19 of 2nd period - Slapshot by Wade Redden.
13:19 of 2nd period - Shot Misses the Net.
13:49 of 2nd period - Minor Penalty to Ryan Hollweg for Roughing.
13:50 of 2nd period - Marc Savard wins face-off versus Patrick Kane in Blackhawks zone.
13:57 of 2nd period - Wrist shot by Patrick Sharp.
13:57 of 2nd period - Stopped by Al Montoya without a rebound.
13:58 of 2nd period - Derick Brassard wins face-off versus Marc Savard in Blackhawks zone.
13:58 of 2nd period - Derick Brassard is hit by Marek Svatos.
15:36 of 2nd period - Wade Redden is hit by Oleg Saprykin and loses puck.
15:49 of 2nd period - Penalty to Ryan Hollweg is over, Ryan Hollweg is back on ice.
16:00 of 2nd period - Off-side.
16:01 of 2nd period - Dustin Boyd wins face-off versus Brian Sutherby in neutral zone.
16:40 of 2nd period - Wrist shot by Dustin Boyd.
16:40 of 2nd period - Stopped by Al Montoya with a rebound.
16:42 of 2nd period - Slapshot by Dustin Boyd.
16:42 of 2nd period - Shot Misses the Net.
16:44 of 2nd period - Slapshot by Torey Krug.
16:44 of 2nd period - Stopped by Al Montoya with a rebound.
16:46 of 2nd period - Slapshot by Dustin Boyd.
16:46 of 2nd period - Goal by Dustin Boyd - Blackhawks : 0 - Canadiens : 6.
16:47 of 2nd period - Patrick Sharp wins face-off versus Derick Brassard in neutral zone.
16:51 of 2nd period - Minor Penalty to Dennis Wideman for High sticking.
16:52 of 2nd period - Derick Brassard wins face-off versus Patrick Sharp in Canadiens zone.
17:07 of 2nd period - Wrist shot by Antoine Roussel.
17:07 of 2nd period - Deflect By Patrick Kane.
17:07 of 2nd period - Stopped by Jonathan Bernier with a rebound.
18:42 of 2nd period - Greg Stewart is hit by Tomas Fleischmann.
18:46 of 2nd period - Patrick Kane is hit by Brooks Laich and loses puck.
18:51 of 2nd period - Penalty to Dennis Wideman is over, Dennis Wideman is back on ice.
19:22 of 2nd period - Peter Regin is hit by Dennis Wideman and loses puck.
Goals for this period are 0 for Blackhawks vs 2 for Canadiens.
Shots for this period are 7 for Blackhawks vs 14 for Canadiens.
3rd period
0:01 of 3rd period - Derick Brassard wins face-off versus Marc Savard in neutral zone.
1:21 of 3rd period - Slapshot by Derick Brassard.
1:21 of 3rd period - Shot Misses the Net.
1:23 of 3rd period - Backhand shot by Kurt Sauer.
1:23 of 3rd period - Shot Blocked by Matt Carle.
1:33 of 3rd period - Torey Krug is hit by Jonathan Toews.
1:43 of 3rd period - Backhand shot by Marc Savard.
1:43 of 3rd period - Stopped by Al Montoya without a rebound.
1:44 of 3rd period - Brooks Laich wins face-off versus Derick Brassard in Blackhawks zone.
1:51 of 3rd period - Dennis Wideman is hit by Patrick Kane and loses puck.
1:56 of 3rd period - Wrist shot by Antoine Roussel.
1:56 of 3rd period - Shot Misses the Net.
1:58 of 3rd period - Snap shot by Antoine Roussel.
1:58 of 3rd period - Deflect By Derick Brassard.
1:58 of 3rd period - Shot Misses the Net.
1:58 of 3rd period - Puck is out of play.
1:59 of 3rd period - Marc Savard wins face-off versus Derick Brassard in Canadiens zone.
2:53 of 3rd period - Denis Grebeshkov is hit by Greg Stewart and loses puck.
3:16 of 3rd period - Snap shot by Marek Svatos.
3:16 of 3rd period - Deflect By Derick Brassard.
3:16 of 3rd period - Shot Misses the Net.
3:16 of 3rd period - Puck is out of play.
3:17 of 3rd period - Marc Savard wins face-off versus Derick Brassard in Blackhawks zone.
3:38 of 3rd period - Snap shot by Marek Svatos.
3:38 of 3rd period - Stopped by Al Montoya without a rebound.
3:39 of 3rd period - Brooks Laich wins face-off versus Jonathan Toews in Blackhawks zone.
3:40 of 3rd period - Wrist shot by Drew Miller.
3:40 of 3rd period - Stopped by Al Montoya without a rebound.
3:41 of 3rd period - Jonathan Toews wins face-off versus Brooks Laich in Blackhawks zone.
3:46 of 3rd period - Snap shot by Niclas Bergfors.
3:46 of 3rd period - Deflect By Jonathan Toews.
3:46 of 3rd period - Shot Misses the Net.
3:46 of 3rd period - Puck is out of play.
3:47 of 3rd period - Brooks Laich wins face-off versus Jonathan Toews in Canadiens zone.
3:47 of 3rd period - Brooks Laich is hit by Ryan Hollweg.
4:33 of 3rd period - Off-side.
4:34 of 3rd period - Andrei Loktionov wins face-off versus Peter Regin in neutral zone.
5:24 of 3rd period - Backhand shot by Derick Brassard.
5:24 of 3rd period - Deflect By Patrick Kane.
5:24 of 3rd period - Shot Misses the Net.
5:24 of 3rd period - Puck is out of play.
5:25 of 3rd period - Derick Brassard wins face-off versus Marc Savard in Canadiens zone.
6:00 of 3rd period - Snap shot by Jonathan Toews.
6:00 of 3rd period - Shot Blocked by Ladislav Smid.
6:20 of 3rd period - Off-side.
6:21 of 3rd period - Marc Savard wins face-off versus Derick Brassard in neutral zone.
6:26 of 3rd period - Slapshot by Marc Savard.
6:26 of 3rd period - Stopped by Al Montoya without a rebound.
6:27 of 3rd period - Derick Brassard wins face-off versus Marc Savard in Blackhawks zone.
6:44 of 3rd period - Wrist shot by Marc Savard.
6:44 of 3rd period - Shot Misses the Net.
6:50 of 3rd period - Minor Penalty to Kurt Sauer for Hooking.
6:51 of 3rd period - Marc Savard wins face-off versus Patrick Kane in Blackhawks zone.
6:52 of 3rd period - Wrist shot by Patrick Sharp.
6:52 of 3rd period - Stopped by Al Montoya without a rebound.
6:53 of 3rd period - Marc Savard wins face-off versus Patrick Kane in Blackhawks zone.
8:50 of 3rd period - Penalty to Kurt Sauer is over, Kurt Sauer is back on ice.
9:02 of 3rd period - Slapshot by Dave Tanabe.
9:02 of 3rd period - Shot Misses the Net.
10:37 of 3rd period - Torey Krug is hit by Niclas Bergfors and loses puck.
11:24 of 3rd period - Joni Pitkanen is hit by Marek Svatos and loses puck.
12:02 of 3rd period - Dennis Wideman is hit by Denis Grebeshkov.
12:18 of 3rd period - Marek Svatos is hit by Carson Mcmillan and loses puck.
12:29 of 3rd period - Slapshot by Oleg Saprykin.
12:29 of 3rd period - Stopped by Jonathan Bernier without a rebound.
12:30 of 3rd period - Derick Brassard wins face-off versus Brooks Laich in Canadiens zone.
12:41 of 3rd period - Backhand shot by Drew Miller.
12:41 of 3rd period - Deflect By Devin Setoguchi.
12:41 of 3rd period - Stopped by Al Montoya with a rebound.
12:43 of 3rd period - Snap shot by Drew Miller.
12:43 of 3rd period - Deflect By Devin Setoguchi.
12:43 of 3rd period - Shot Misses the Net.
12:43 of 3rd period - Puck is out of play.
12:44 of 3rd period - Marc Savard wins face-off versus Derick Brassard in Blackhawks zone.
12:49 of 3rd period - Snap shot by Marc Savard.
12:49 of 3rd period - Shot Blocked by Denis Grebeshkov.
12:51 of 3rd period - Slapshot by Marek Svatos.
12:51 of 3rd period - Stopped by Al Montoya without a rebound.
12:52 of 3rd period - Derick Brassard wins face-off versus Marc Savard in Blackhawks zone.
13:01 of 3rd period - Wrist shot by Patrick Kane.
13:01 of 3rd period - Deflect By Dan Boyle.
13:01 of 3rd period - Shot Misses the Net.
13:01 of 3rd period - Puck is out of play.
13:02 of 3rd period - Marc Savard wins face-off versus Derick Brassard in Canadiens zone.
13:02 of 3rd period - Marc Savard is hit by Joni Pitkanen.
13:11 of 3rd period - Joni Pitkanen beats up Dan Boyle.
13:11 of 3rd period - Penalty to Dan Boyle for Fighting.
13:11 of 3rd period - Penalty to Joni Pitkanen for Fighting.
13:12 of 3rd period - Marc Savard wins face-off versus Derick Brassard in neutral zone.
13:21 of 3rd period - Wrist shot by Marek Svatos.
13:21 of 3rd period - Shot Misses the Net.
13:29 of 3rd period - Wrist shot by Patrick Kane.
13:29 of 3rd period - Stopped by Jonathan Bernier without a rebound.
13:30 of 3rd period - Brooks Laich wins face-off versus Jonathan Toews in Canadiens zone.
13:50 of 3rd period - Niclas Bergfors beats up Dennis Wideman.
13:50 of 3rd period - Penalty to Dennis Wideman for Fighting.
13:50 of 3rd period - Penalty to Niclas Bergfors for Fighting.
13:51 of 3rd period - Derick Brassard wins face-off versus Marc Savard in neutral zone.
14:18 of 3rd period - Ian White is hit by Devin Setoguchi and loses puck.
14:25 of 3rd period - Torey Krug is hit by Kurt Sauer and loses puck.
15:08 of 3rd period - Slapshot by Ladislav Smid.
15:08 of 3rd period - Stopped by Al Montoya with a rebound.
15:10 of 3rd period - Wrist shot by Rene Bourque.
15:10 of 3rd period - Stopped by Al Montoya with a rebound.
15:12 of 3rd period - Slapshot by Ladislav Smid.
15:12 of 3rd period - Shot Blocked by Dave Tanabe.
15:14 of 3rd period - Wrist shot by Rene Bourque.
15:14 of 3rd period - Shot Misses the Net.
15:16 of 3rd period - Backhand shot by Rene Bourque.
15:16 of 3rd period - Stopped by Al Montoya without a rebound.
15:17 of 3rd period - Marc Savard wins face-off versus Jonathan Toews in Blackhawks zone.
15:18 of 3rd period - Wrist shot by Patrick Sharp.
15:18 of 3rd period - Shot Misses the Net.
15:21 of 3rd period - Icing by Dave Tanabe.
15:22 of 3rd period - Jonathan Toews wins face-off versus Marc Savard in Blackhawks zone.
15:33 of 3rd period - Slapshot by Ryan Hollweg.
15:33 of 3rd period - Goal by Ryan Hollweg - Blackhawks : 1 - Canadiens : 6.
15:34 of 3rd period - Marc Savard wins face-off versus Derick Brassard in neutral zone.
15:48 of 3rd period - Minor Penalty to Antoine Roussel for Roughing.
15:49 of 3rd period - Marc Savard wins face-off versus Patrick Kane in Blackhawks zone.
16:21 of 3rd period - Ian White is hit by Brooks Laich and loses puck.
17:44 of 3rd period - David Hale is hit by Wade Redden and loses puck.
17:48 of 3rd period - Penalty to Antoine Roussel is over, Antoine Roussel is back on ice.
18:14 of 3rd period - Evgeny Dadonov is hit by Patrick Kaleta and loses puck.
18:27 of 3rd period - Ladislav Smid is hit by Brian Sutherby and loses puck.
18:32 of 3rd period - Wrist shot by Oleg Saprykin.
18:32 of 3rd period - Shot Blocked by Greg Stewart.
18:42 of 3rd period - Double Minor Penalty to Dan Boyle for Roughing.
18:43 of 3rd period - Derick Brassard wins face-off versus Marc Savard in Canadiens zone.
18:50 of 3rd period - Penalty to Dennis Wideman is over, Dennis Wideman is back on ice.
18:50 of 3rd period - Patrick Kane is hit by Ladislav Smid and loses puck.
19:45 of 3rd period - Torey Krug is hit by Derick Brassard and loses puck.
Goals for this period are 1 for Blackhawks vs 0 for Canadiens.
Shots for this period are 3 for Blackhawks vs 10 for Canadiens.
Back to the Top